 Dungeon Crawl Stone Soup version 0.17-a0-1716-gdf19ebb (webtiles) character file.

208 MasterCK the Skirmisher (level 5, 0/42 HPs)
             Began as a Demonspawn Abyssal Knight on Aug 24, 2015.
             Was a Believer of Lugonu.
             Succumbed to an adder's poison
             ... on level 4 of the Dungeon.
             The game lasted 00:35:02 (4107 turns).

MasterCK the Skirmisher (Demonspawn Abyssal Knight) Turns: 4107, Time: 00:35:02

Health: 0/42       AC:  1    Str: 14    XL:     5   Next: 55%
Magic:  16/16      EV: 14    Int: 13    God:    Lugonu [**....]
Gold:   254        SH:  0    Dex: 12    Spells: 0 memorised, 6 levels left

rFire  . . .     SeeInvis +     a - +2 falchion
rCold  . . .     Clarity  .     O - -1 robe (curse)
rNeg   . . .     SustAt   .     (no shield)
rPois  .         Gourm    .     (no helmet)
rElec  .         Spirit   .     (no cloak)
rCorr  .         Warding  .     (no gloves)
rMut   .         Stasis   .     (no boots)
MR     .....                    (no amulet)
Stlth  +.........               A - ring of magical power
                                d - ring of see invisible

@: lethally poisoned (0 -> -13), not resistant to hostile enchantments, very
unstealthy
A: claws 1, repulsion field 1, demonic guardian 1
a: Depart the Abyss, Bend Space, Renounce Religion


You were on level 4 of the Dungeon.
You worshipped Lugonu.
Lugonu was pleased with you.
You were not hungry.

You visited 1 branch of the dungeon, and saw 4 of its levels.
You visited the Abyss 1 time.

You collected 254 gold pieces.

Inventory:

Hand weapons
 a - a +2 falchion (weapon)
 e - a +0 short sword
 h - a +0 mace
 i - a +0 short sword of venom
 j - a +0 hunting sling
 m - a +0 spear
 r - a +0 club
 s - a +0 dagger
 u - a +0 dagger
 w - a +0 mace
 x - a +0 hunting sling
 y - a +0 dagger
 z - a +0 rapier
 B - a cursed -3 dagger
 C - a +0 dagger
 E - a +0 club
 G - a +0 dagger
 I - a +0 club
 J - a +0 short sword
 L - a +0 dagger
 M - a cursed +0 short sword
 P - a +0 club
 T - a +0 club
 V - a +1 vampiric dagger
 W - a +0 hand axe
 Z - a +0 spear
Missiles
 k - 7 sling bullets of flame
 l - 28 sling bullets (quivered)
 D - 62 stones
 H - 14 arrows
 R - 15 poisoned needles
Armour
 b - a +0 leather armour
 f - a +0 leather armour
 g - a +0 leather armour
 o - a +0 leather armour
 v - a +0 leather armour
 K - a +0 robe
 N - a +0 leather armour
 O - a cursed -1 robe (worn)
 U - a +0 robe
 Y - a +0 large shield
Jewellery
 d - a ring of see invisible (left claw)
 t - an uncursed ring of stealth
 A - a ring of magical power (right claw)
Magical devices
 X - a wand of disintegration (14)
Scrolls
 F - 2 scrolls of random uselessness
Potions
 p - a potion of magic
 q - a potion of degeneration
 S - a potion of might
Comestibles
 c - 3 bread rations
 n - 4 fruits
 Q - a meat ration


   Skills:
 * Level 3.9 Fighting
 * Level 2.6 Long Blades
 + Level 0.1 Slings
 * Level 2.4 Armour
 * Level 2.4 Dodging
 + Level 0.4 Stealth
 * Level 1.0 Spellcasting
 * Level 3.9 Invocations


You had 6 spell levels left.
You didn't know any spells.

Dungeon Overview and Level Annotations

Branches:
Dungeon (4/15)
 Temple: D:4-7

Altars:
Okawaru


Innate Abilities, Weirdness & Mutations

You have sharp fingernails.
You are surrounded by a mild repulsion field (EV +2).
A weak demonic guardian rushes to your aid.


Message History

You are lethally poisoned!
The adder poisons you!
This weapon is vampiric, and you must be Full or above to equip it.
You hit the adder.
The adder is almost dead.
* * * LOW HITPOINT WARNING * * *
You feel sick. The adder barely misses you.
You closely miss the adder.
The adder is almost dead.
* * * LOW HITPOINT WARNING * * *
You feel sick. The adder bites you but does no damage.
The orc hits you with a flail.
* * * LOW HITPOINT WARNING * * *
The adder bites you.
* * * LOW HITPOINT WARNING * * *
You are more poisoned.
The adder poisons you!
You hit the adder but do no damage.
The adder is severely wounded.
You die...

.... #... ...
....# ..###..# ###
###(.....### ...
#..(.......####.#
......%........#
.(.(.....###So##
.##.. #.....#
##@.### ....#
#...ยง.#
##...###...##
##..#...#
#...........
....###..##
#.##.......
.....##...#
##.......#
#...#..###.......#
##.....#..###....#
#### #.......##
##...### .... #
##.....##
#.....####....


You could see an adder and an orc.

Vanquished Creatures
  A giant frog (D:3)
  A hound (D:4)
  An orc wizard (D:3)
  A worker ant (D:4)
  4 adders
  3 worms
  2 orcs
  5 giant cockroaches
  3 goblins
  9 hobgoblins
  3 jackals (D:3)
  8 kobolds
  2 quokkas (D:2)
  10 bats
  5 giant newts
  5 rats
63 creatures vanquished.

Vanquished Creatures (collateral kills)
  An orc (D:3)
1 creature vanquished.

Grand Total: 64 creatures vanquished

Notes
Turn   | Place    | Note
--------------------------------------------------------------
     0 | Abyss:1  | MasterCK the Demonspawn Abyssal Knight began the quest for the Orb.
     0 | Abyss:1  | Reached XP level 1. HP: 18/18 MP: 2/2
    93 | Abyss:1  | Noticed a starcursed mass
    93 | D:1      | Escaped the Abyss
   368 | D:1      | Reached skill level 1 in Dodging
   613 | D:1      | Gained mutation: You are surrounded by a mild repulsion field (EV +2). [demonic ancestry]
   613 | D:1      | Reached XP level 2. HP: 24/24 MP: 3/3
   750 | D:2      | Acquired Lugonu's first power
  1175 | D:2      | Gained mutation: A weak demonic guardian rushes to your aid. [demonic ancestry]
  1175 | D:2      | Reached XP level 3. HP: 29/29 MP: 5/5
  2561 | D:3      | Gained mutation: You have sharp fingernails. [demonic ancestry]
  2561 | D:3      | Reached XP level 4. HP: 36/36 MP: 6/6
  2567 | D:3      | Acquired Lugonu's second power
  3113 | D:3      | Found an iron altar of Okawaru.
  3490 | D:3      | Noticed a giant frog
  3504 | D:3      | Killed a giant frog
  3504 | D:3      | Reached XP level 5. HP: 42/42 MP: 7/7
  4086 | D:4      | Reached skill level 1 in Spellcasting
  4106 | D:4      | HP: 2/42 [adder (1)]
  4107 | D:4      | Succumbed to an adder's poison

Vault maps used:
D:1:      lightli_arrival_chessboard
D:2:      first_bread, kennysheep_doodads
D:3:      okawaru_metal_pillars_1_2, corexii_corridor_pit, corner_web_ring,
          minivault_23
D:4:      kennysheep_mini_moat, makhleb_heckhound_becter,
          minmay_overflow_temple_star_quad, portal_sewer_entry_f,
          minmay_fire_ice_demons

Action                   |  1- 3 |  4- 6 || total
-------------------------+-------+-------++-------
Melee: Falchion          |   113 |    83 ||   196
 Fire: Hunting sling     |     5 |    18 ||    23
Invok: Depart the Abyss  |     1 |       ||     1
       Bend Space        |       |     3 ||     3
  Use: Potion            |     7 |     1 ||     8
       Scroll            |     5 |       ||     5
 Stab: Sleeping          |     3 |     1 ||     4
  Eat: Fruit             |     1 |       ||     1
       Bread ration      |     1 |     1 ||     2
       Chunk             |       |     3 ||     3
